 Dungeon Crawl Stone Soup version 0.29.1-1-gd02db6906a (webtiles) character file.

Game seed: 3385381703366187004

8148 Kirpich the Cleaver (level 11, -4/88 HPs)
             Began as a Palentonga Fighter on Oct 4, 2022.
             Was a Priest of Makhleb.
             Killed from afar by an orc wizard (5 damage)
             ... with a magic dart
             ... on level 1 of the Orcish Mines on Oct 14, 2022.
             The game lasted 01:50:18 (11713 turns).

Kirpich the Cleaver (Palentonga Fighter)           Turns: 11713, Time: 01:50:18

Health: -4/88      AC: 15    Str: 25 (27) XL:     11   Next: 6%
Magic:  0/11       EV:  9    Int:  8      God:    Makhleb [***...]
Gold:   564        SH:  4    Dex: 11      Spells: 10/10 levels left

rFire   x . .      SeeInvis +   b - +2 hand axe (vorpal)
rCold   + + .      Faith    .   c - +0 buckler
rNeg    . . .      Spirit   +   y - +0 scale mail of Love and Death {rCorr Str+2}
rPois   .          Reflect  .   g - +0 helmet
rElec   .          Harm     .   (no cloak)
rCorr   +          Rampage  .   (no gloves)
Will    +....                   (no barding)
Stlth   ..........              p - amulet of guardian spirit
HPRegen 0.24/turn               t - ring of ice
MPRegen 0.12/turn               C - ring of protection from cold

@: curled up
A: large, rugged brown scales 3, see invisible, deformed body, roll 1, armoured
tail, reflexive curl, deterioration 1, strong-willed 1
a: Rolling Charge, Renounce Religion, Minor Destruction, Lesser Servant of
Makhleb


You were on level 1 of the Orcish Mines.
You worshipped Makhleb.
Makhleb was most pleased with you.
You visited 3 branches of the dungeon, and saw 12 of its levels.

You collected 564 gold pieces.

Inventory:

Hand Weapons
 a - a +0 war axe
 b - a +2 vorpal hand axe (weapon)
 d - a +0 scythe
 e - a +0 broad axe
 v - a +1 dire flail of holy wrath
 G - a +3 mace
Missiles
 f - 122 stones
 j - 4 throwing nets
Armour
 c - a +0 buckler (worn)
 g - a +0 helmet (worn)
 h - a +3 leather armour of poison resistance
 k - +2 steam dragon scales
 s - a +1 ring mail
 w - a +0 ring mail of cold resistance
 y - the +0 scale mail of Love and Death (worn) {rCorr Str+2}
   (You found it on level 7 of the Dungeon)

   Str:       It affects your strength (+2).
   rCorr:     It protects you from acid and corrosion.
Jewellery
 p - an amulet of guardian spirit (around neck)
 t - a ring of ice (left hand)
 C - a ring of protection from cold (right hand)
 D - an amulet of guardian spirit
Wands
 i - a wand of polymorph (12)
 l - a wand of roots (10)
 n - a wand of flame (4)
Scrolls
 m - a scroll of immolation
 z - a scroll of amnesia
 B - a scroll of butterflies
 E - a scroll of torment
 F - a scroll of noise
Potions
 o - a potion of magic
 q - 5 potions of degeneration
 r - a potion of brilliance
 u - 2 potions of cancellation
 A - a potion of haste


   Skills:
 + Level 6.7 Fighting
 * Level 12.2 Axes
 + Level 0.2(7.7) Maces & Flails
 + Level 6.2 Armour
 * Level 5.4 Dodging
 - Level 0.4 Stealth
 + Level 4.1 Shields
 + Level 0.1 Invocations
 + Level 2.3 Evocations


You had 10 spell levels left.
You didn't know any spells.
Your spell library contained the following spells:

 Spells                   Type           Power      Damage    Failure   Level
 Shock                    Conj/Air       0%         1d3       75%         1
 Gell's Gravitas          Tloc           0%         N/A       98%         3
 Lesser Beckoning         Tloc           0%         N/A       98%         3
 Portal Projectile        Hex/Tloc       0%         N/A       98%         3
 Swiftness                Air            0%         N/A       98%         3
 Teleport Other           Tloc           0%         N/A       98%         3
 Tukima's Dance           Hex            0%         N/A       98%         3
 Airstrike                Air            0%         2d(0-16)  100%        4
 Blade Hands              Tmut           0%         N/A       100%        5


Dungeon Overview and Level Annotations

Branches:
Dungeon (9/15)             Temple (1/1) D:5            Lair (0/5) D:9
    Orc (2/2) D:9
    Elf: Orc:2

Altars:
Ashenzari
Dithmenos
Elyvilon
Fedhas
Gozag
Hepliaklqana
Kikubaaqudgha
Makhleb
Nemelex Xobeh
Okawaru
Qazlal
Ru
Sif Muna
Trog
Uskayaw
Vehumet
Wu Jian
Xom
Yredelemnul
Zin
The Shining One

Shops:
D:8 =   Orc:2 (

Portals:
Sewer: D:3


Innate Abilities, Weirdness & Mutations

You are completely covered in rugged brown scales. (AC +3, +7% HP)
You have supernaturally acute eyesight. (SInv)
Armour fits poorly on your strangely shaped body.
You can roll at nearby foes to attack.
You have a long armoured tail.
You curl defensively after being hit. (AC +7*)
Your body sometimes deteriorates upon taking damage.
You are strong-willed. (Will+)


Message History

The magic dart hits you.
* * * LOW HITPOINT WARNING * * *
The orc priest calls upon Beogh to heal the orc wizard.
The orc wizard is healed somewhat.
Okay, then.
Okay, then.
The grasping roots constrict the orc priest.
The grasping roots constrict the orc wizard.
The roots release their grip on the orc wizard.
The orc priest struggles to escape constriction.
The grasping roots constrict the orc priest!
You kill the orc priest!
Makhleb accepts your kill.
You feel better.
You see here a +0 dagger.
Found an escape hatch in the ceiling.
The orc wizard gestures wildly while chanting.
The orc wizard flickers and vanishes for a moment.
The orc warrior seems to regain its courage.
There is an escape hatch in the ceiling here.
The orc wizard hits you but does no damage.
A mysterious force pulls you upwards. The hatch slams shut behind you.
You feel an oppressive heat about you.
There is an entrance to a volcano on this level.
Hurry and find it before the entrance collapses!
You hear the quick rumble of an avalanche of rocks nearby.
The warg howls!
The troll shouts!
The orc shouts!
You hear a shout!
Found 23 gold pieces.
Found an escape hatch in the floor.
Found a stone staircase leading down.
You hit the orc wizard.
Your tail-slap misses the orc wizard.
The orc wizard is almost dead.
You hit the warg.
An orc sorcerer comes into view.
It is wielding a +0 dagger of pain and wearing a +1 robe of positive energy.
The warg bites you!
* * * LOW HITPOINT WARNING * * *
You hit the warg.
The warg is moderately wounded.
You barely miss the orc wizard.
The orc wizard points at you and mumbles some strange words.
The magic dart hits you.
You die...

.#.... . .#...
#.#.... .......
## ....... ..#
.......## ..#
...o...o#...#..
.......@...>..>
........h......
o..............
.....#.........
.......$.T.....
...............
..# ...........
.. ###....#....


You could see a troll, a warg, an orc sorcerer, an orc wizard (invisible) and an
orc.

Vanquished Creatures
  A two-headed ogre (D:9)
  The ghost of Earthwalker the Carver, a novice MiFi (D:7)
  Joseph (D:8)
  A komodo dragon (D:9)
  Maggie (D:8)
  Grinder (D:4)
  Sigmund (D:2)
  A shadow (D:9)
  3 yaks (D:9)
  A steam dragon (D:9)
  Menkaure (D:5)
  Edmund (D:6)
  2 wargs
  3 water moccasins
  4 orc warriors
  3 sky beasts
  Duvessa (D:4)
  2 black bears
  An ogre (D:9)
  3 centaurs
  5 phantoms
  4 kobold brigands
  Blork the orc (D:5)
  4 bullfrogs
  A gnoll sergeant (D:8)
  5 scorpions
  A necrophage (D:7)
  4 wights (D:8)
  Dowan (D:4)
  A howler monkey (D:7)
  8 orc priests
  5 hounds
  A jelly (D:6)
  6 iguanas
  Natasha (thrice) (D:2)
  18 orc wizards
  4 gnolls (D:8)
  7 adders
  A river rat (D:3)
  3 ufetubi
  A worm (D:3)
  3 dart slugs
  36 orcs
  10 bats
  13 endoplasms
  5 giant cockroaches
  6 goblins
  8 hobgoblins
  3 jackals (D:4)
  25 kobolds
  2 quokkas (D:1)
  5 ball pythons
  5 frilled lizards
  2 rats (D:3)
240 creatures vanquished.

Vanquished Creatures (others)
  An orc wizard (Orc:2)
  2 orcs (D:9)
  A kobold (D:9)
  8 fungi (D:9)
  43 plants (D:9)
55 creatures vanquished.

Grand Total: 295 creatures vanquished

Notes
Turn   | Place    | Note
-------+----------+-------------------------------------------
     0 | D:1      | Kirpich the Palentonga Fighter began the quest for the Orb.
     0 | D:1      | Reached XP level 1. HP: 19/19 MP: 1/1
    78 | D:1      | Reached XP level 2. HP: 10/25 MP: 2/2
  1217 | D:2      | Reached XP level 3. HP: 31/31 MP: 3/3
  1556 | D:2      | Noticed Sigmund
  1999 | D:2      | Reached XP level 4. HP: 36/37 MP: 4/4
  2069 | D:2      | Noticed Natasha
  2091 | D:2      | Killed Natasha
  2092 | D:2      | Reached skill level 1 in Dodging
  2106 | D:2      | Noticed Natasha
  2118 | D:2      | Killed Natasha
  2316 | D:2      | Killed Sigmund
  2317 | D:2      | Reached skill level 4 in Axes
  2317 | D:2      | Reached XP level 5. HP: 34/44 MP: 5/5
  2317 | D:2      | Reached XP level 6. HP: 40/51 MP: 6/6
  2330 | D:2      | Noticed Natasha
  2333 | D:2      | Killed Natasha
  2626 | D:3      | Found a faded altar of an unknown god.
  2817 | D:3      | Found a sparkling altar of Nemelex Xobeh.
  2845 | D:3      | Found a radiant altar of Vehumet.
  2884 | D:3      | Found a glowing drain.
  2954 | D:3      | Found a white marble altar of Elyvilon.
  3172 | D:3      | Found a shimmering altar of Xom.
  3235 | D:4      | Found a broken altar of Ashenzari.
  3614 | D:4      | Reached skill level 5 in Axes
  3812 | D:4      | Gained mutation: You curl defensively after being hit. (AC
                  | +7*) [Palentonga growth]
  3812 | D:4      | Reached XP level 7. HP: 40/57 MP: 5/7
  4025 | D:4      | Noticed Grinder
  4033 | D:4      | Killed Grinder
  4034 | D:4      | Reached skill level 6 in Axes
  4317 | D:4      | Noticed Duvessa
  4319 | D:4      | Noticed Dowan
  4332 | D:4      | Killed Duvessa
  4335 | D:4      | Killed Dowan
  4582 | D:5      | Entered Level 5 of the Dungeon
  4733 | D:5      | Reached skill level 7 in Axes
  4733 | D:5      | Reached XP level 8. HP: 49/65 MP: 6/8
  4835 | D:5      | Noticed Blork the orc
  4843 | D:5      | Killed Blork the orc
  5075 | D:5      | Gained mutation: Your body sometimes deteriorates upon
                  | taking damage. [potion of mutation]
  5075 | D:5      | Gained mutation: You are clumsy. (Dex -2) [potion of
                  | mutation]
  5075 | D:5      | Gained mutation: You are partially covered in iridescent
                  | scales. (AC +2) [potion of mutation]
  5578 | D:5      | Noticed Menkaure
  5582 | D:5      | Killed Menkaure
  5628 | D:5      | Identified the +6 dagger of Irritation {freeze, SInv}
  5640 | D:5      | Lost mutation: You are clumsy. (Dex -2) [potion of
                  | mutation]
  5640 | D:5      | Lost mutation: You are partially covered in iridescent
                  | scales. (AC +2) [potion of mutation]
  5640 | D:5      | Gained mutation: You are strong-willed. (Will+) [potion of
                  | mutation]
  5640 | D:5      | Gained mutation: You have sharp toenails. [potion of
                  | mutation]
  5640 | D:5      | Lost mutation: You have sharp toenails. [potion of
                  | mutation]
  5678 | D:5      | Found a staircase to the Ecumenical Temple.
  5690 | Temple   | Entered the Ecumenical Temple
  5753 | Temple   | Became a worshipper of Makhleb the Destroyer
  5961 | D:6      | Reached skill level 8 in Axes
  6274 | D:6      | Noticed Edmund
  6305 | D:6      | Killed Edmund
  6306 | D:6      | Reached skill level 5 in Fighting
  6306 | D:6      | Reached XP level 9. HP: 24/72 MP: 3/9
  6546 | D:6      | Reached skill level 9 in Axes
  6546 | D:6      | Reached skill level 1 in Evocations
  6952 | D:6      | Identified the +10 dagger of Ifys {spect, rPois rF- rN+
                  | Str+2}
  7253 | D:7      | Identified the +0 scale mail of Love and Death {rCorr
                  | Str+2}
  7427 | D:7      | Reached skill level 10 in Axes
  7519 | D:7      | Found a runed translucent door.
  7522 | D:7      | Noticed Earthwalker's ghost (novice MiFi)
  7545 | D:7      | Killed Earthwalker's ghost
  7545 | D:7      | Reached * piety under Makhleb
  7758 | D:7      | Found an ancient bone altar of Kikubaaqudgha.
  7808 | D:8      | Found Muwiddum's Jewellery Emporium.
  7854 | D:8      | Reached skill level 11 in Axes
  7854 | D:8      | Reached XP level 10. HP: 77/81 MP: 8/10
  8049 | D:8      | Noticed Maggie
  8480 | D:8      | Killed Maggie
  8505 | D:8      | Reached skill level 5 in Armour
  8550 | D:8      | Found a bloodstained altar of Trog.
  8552 | D:8      | Noticed Joseph
  8563 | D:8      | HP: 1/81 [Joseph/+0 quarterstaff (5)]
  8564 | D:8      | Killed Joseph
  9013 | D:8      | Found a glowing silver altar of Zin.
  9104 | D:9      | Noticed a two-headed ogre
  9117 | D:9      | Killed a two-headed ogre
  9469 | D:9      | Reached skill level 5 in Dodging
  9755 | D:9      | Reached ** piety under Makhleb
  9761 | D:9      | Found a staircase to the Orcish Mines.
 10557 | D:9      | Found a staircase to the Lair.
 10562 | D:9      | Reached skill level 12 in Axes
 11026 | D:9      | Found a blossoming altar of Fedhas.
 11254 | Orc:1    | Entered Level 1 of the Orcish Mines
 11264 | Orc:1    | Reached XP level 11. HP: 66/88 MP: 8/11
 11375 | Orc:2    | Entered Level 2 of the Orcish Mines
 11639 | Orc:2    | Found Zizyutak's Antique Weapon Boutique.
 11661 | Orc:2    | Reached *** piety under Makhleb
 11693 | Orc:2    | HP: 4/88 [warg (9)]
 11699 | Orc:2    | HP: 4/88 [orc wizard/magic dart (1)]
 11712 | Orc:1    | Noticed an orc sorcerer
 11712 | Orc:1    | HP: 1/88 [warg (8)]
 11713 | Orc:1    | Killed from afar by an orc wizard

Illustrated notes

Levels and vault maps discovered:
D:1:      minmay_arrival_glassed_features, layout_loops_cross
D:2:      layout_basic, uniq_sigmund, uniq_natasha
D:3:      layout_basic, nicolae_overflow_crystal_walls, elyvilon_altar_5,
          nemelex_spade_bored_becter, nicolae_overflow_hidden_temple,
          hellmonk_ecumenical_altar_blasted, cheibrodos_sewer_entry_sluice
D:4:      layout_basic, ashenzari_conservatory_becter,
          chequers_serial_rivers_micro_c, uniq_grinder, uniq_duvessa
D:5:      layout_loops_ring, minmay_temple_entry_purple_smoke, uniq_menkaure,
          uniq_blork_the_orc
D:6:      layout_rooms, grunt_ministairs_9, hangedman_glass_teeth, uniq_edmund
D:7:      layout_basic, mainiacjoe_overflow_alcove_2,
          ebering_ghost_reflecting_pool
D:8:      layout_cave_pools, zin_treasury, old_standard_altar, serial_shops,
          shop, chequers_decorated_corner, uniq_joseph, uniq_maggie
D:9:      layout_basic, fedhas_altar_3, david_lair_shrubbed, erik_orc_3
Temple:   nicolae_temple_ecumenical_triangle
Orc:1:    layout_caves, lightli_volcano_entry_magma_tube,
          okawaru_metal_pillars_1_2, uniq_josephine
Orc:2:    st_orc_mages, layout_diamond_mine, serial_shops, shop, basic_altar

Skill      XL: |  1  2  3  4  5  6  7  8  9 10 |
---------------+-------------------------------+-----
Shields        | 3 4 |  4.1
Armour         | 3 4 6 |  6.2
Dodging        | 1 2 3 4 5 |  5.4
Fighting       | 4 5 6 |  6.7
Axes           | 4 5 7 8 11 12 | 12.2
Evocations     | 1 2 |  2.3
Maces & Flails | |  0.2
Stealth        | |  0.4
Invocations    | |  0.1

Action                   |  1- 3 |  4- 6 |  7- 9 | 10-12 || total
-------------------------+-------+-------+-------+-------++-------
Melee: War axe           |   111 |    92 |   163 |       ||   366
       Tailslap          |    12 |     9 |    50 |    41 ||   112
       Mace              |    15 |       |       |       ||    15
       Hand axe          |       |       |   105 |   260 ||   365
Invok: Minor Destruction |       |       |       |     2 ||     2
 Abil: Rolling Charge    |    18 |    19 |    40 |    40 ||   117
Evoke: Wand              |       |     2 |    21 |    19 ||    42
  Use: Scroll            |     4 |     6 |     6 |    11 ||    27
       Potion            |     1 |     3 |     7 |     2 ||    13
Armor: Scale mail        |    74 |       |    22 |    72 ||   168
       Ring mail         |     9 |    39 |    29 |       ||    77
       Leather armour    |       |       |    42 |       ||    42
       Skin              |       |       |     4 |       ||     4
Dodge: Dodged            |    50 |    37 |    91 |    65 ||   243
Block: Buckler           |    25 |    19 |    43 |    51 ||   138
